 Dungeon Crawl Stone Soup version 0.24-a0-507-g3e8b242632 (webtiles) character file.

Game seed: 4916889336518096941

55 tilp the Gusty (level 3, -1/20 HPs)
             Began as a Tengu Air Elementalist on July 18, 2019.
             Was an Initiate of Sif Muna.
             Slain by a phantom (6 damage)
             ... on level 1 of the Dungeon.
             The game lasted 00:07:58 (1755 turns).

tilp the Gusty (Tengu Air Elementalist)             Turns: 1755, Time: 00:07:58

Health: -1/20      AC:  3    Str:  8    XL:     3   Next: 93%
Magic:  3/7        EV: 13    Int: 16    God:    Sif Muna [......]
Gold:   98         SH:  0    Dex: 14    Spells: 0/6 levels left

rFire    . . .     SeeInvis .   a - +0 dagger
rCold    . . .     Gourm    .   (no shield)
rNeg     . . .     Faith    .   i - +0 robe
rPois    .         Spirit   .   (helmet restricted)
rElec    .         Reflect  .   b - +0 cloak
rCorr    .         Harm     .   (no gloves)
MR       .....                  (boots unavailable)
Stlth    ++........             (no amulet)
HPRegen  0.06/turn              (no ring)
MPRegen  0.10/turn              (no ring)

@: no status effects
A: beak, talons 3
a: Renounce Religion


You were on level 1 of the Dungeon.
You worshipped Sif Muna.
Sif Muna was noncommittal.
You were not hungry.

You visited 1 branch of the dungeon, and saw 2 of its levels.

You collected 98 gold pieces.

Inventory:

Hand Weapons
 a - a +0 dagger (weapon)
Missiles
 e - 27 stones (quivered)
Armour
 b - a +0 cloak (worn)
 i - a +0 robe (worn)
Scrolls
 d - a scroll of identify {unknown}
 j - a scroll of magic mapping {unknown}
 k - a scroll of random uselessness {unknown}
Potions
 f - 4 potions of curing {unknown}
 g - a potion of ambrosia {unknown}
 h - a potion of might {unknown}
Comestibles
 c - 3 rations
 l - 4 chunks of flesh


   Skills:
 + Level 0.6 Fighting
 + Level 2.4 Dodging
 - Level 2.0 Stealth
 - Level 2.0 Spellcasting
 - Level 1.3 Conjurations
 - Level 6.0 Air Magic


You couldn't memorise any spells.
You knew the following spells:

 Your Spells              Type           Power        Failure   Level  Hunger
a - Shock                 Conj/Air       ##..         4%          1    #......
b - Swiftness             Chrm/Air       ##......     9%          2    ###....
c - Static Discharge      Conj/Air       ##......     14%         3    ###....

Your spell library contained the following spells:

 Spells                   Type           Power        Failure   Level  Hunger
 Airstrike                Air            ###.......   17%         4    #####..
 Lightning Bolt           Conj/Air       ##........   77%         5    ######.


Dungeon Overview and Level Annotations

Branches:
Dungeon (2/15)

Altars:
Kikubaaqudgha
Makhleb
Okawaru
Sif Muna
Wu Jian


Innate Abilities, Weirdness & Mutations

You have a beak for a mouth.
You have claws for feet.


Message History

The phantom is moderately damaged.
The phantom hits you.
* * * LOW HITPOINT WARNING * * *
Casting: Shock (safe; 4% risk of failure)
Confirm with . or Enter, or press ? or * to list all spells.
Aiming: Shock (safe; 4% risk of failure)
Press: ? - help, Shift-Dir - straight line, f/p - phantom
Aim: a phantom (moderately damaged)
The zap hits the phantom.
The phantom is moderately damaged.
The phantom misses you.
Casting: Shock (safe; 4% risk of failure)
Confirm with . or Enter, or press ? or * to list all spells.
Aiming: Shock (safe; 4% risk of failure)
Press: ? - help, Shift-Dir - straight line, f/p - phantom
Aim: a phantom (moderately damaged)
The zap hits the phantom.
The phantom is heavily damaged.
The phantom hits you.
You die...

#........................##<#
#..........#.......##.#####.#
#..........##.....###.# ###.#
#....).....#.......##.###...##
#...................#.........
#..>................####.....#
######..###.........####......
##.).#...W.....##......#.
###....@.........##.....
##....................
##..........#####..#.
#.........## ###..##
#.........# #...###
#.........# #.#...#
##.......## #.#....
###.....######...#..
#.).........#.......


You could see a phantom.

Vanquished Creatures
  2 dart slugs
  A leopard gecko (D:2)
  8 bats
  5 giant cockroaches
  7 hobgoblins
  3 jackals (D:2)
  A quokka (D:2)
  A ball python (D:1)
  7 frilled lizards
  7 goblins
  4 kobolds (D:1)
  3 rats
49 creatures vanquished.

Notes
Turn   | Place    | Note
-------+----------+-------------------------------------------
     0 | D:1      | tilp the Tengu Air Elementalist began the quest for the
                  | Orb.
     0 | D:1      | Reached XP level 1. HP: 10/10 MP: 4/4
   312 | D:1      | Reached XP level 2. HP: 14/15 MP: 3/6
   509 | D:1      | Reached skill level 5 in Air Magic
   835 | D:1      | Learned a level 2 spell: Swiftness
   847 | D:1      | Reached XP level 3. HP: 18/19 MP: 3/7
   924 | D:1      | Learned a level 3 spell: Static Discharge
  1095 | D:2      | Noticed a phantom
  1226 | D:2      | Found a deep blue altar of Sif Muna.
  1226 | D:2      | Found an ornate altar of the Wu Jian Council.
  1230 | D:2      | Became a worshipper of Sif Muna the Loreminder
  1376 | D:2      | Found a burning altar of Makhleb.
  1382 | D:2      | Found an iron altar of Okawaru.
  1385 | D:2      | Found an ancient bone altar of Kikubaaqudgha.
  1416 | D:2      | Reached skill level 6 in Air Magic
  1755 | D:1      | Slain by a phantom

Levels and vault maps discovered:
D:1:      dpeg_arrival_tiny_j, layout_rooms, minmay_strange_pillars,
          chequers_serial_rivers_marsh
D:2:      layout_basic, grunt_temple_overflow_diamond,
          gammafunk_temple_overflow_elements

Skill      XL: |  1  2  3 |
---------------+----------+-----
Air Magic      | 5 6 |  6.0
Fighting       | |  0.6
Dodging        | |  2.4
Stealth        | |  2.0
Spellcasting   | |  2.0
Conjurations   | |  1.3

Action                   || total
-------------------------++-------
Melee: Unarmed           ||     2
       Peck              ||     3
       Dagger            ||     9
       Kick              ||     1
 Cast: Shock             ||    77
  Eat: Chunk             ||     4
Armor: Robe              ||    22
Dodge: Dodged            ||    42

Table legend:
 A = Non-vault XP
 B = Vault XP
 C = Vault XP percentage of total XP
 D = Non-vault monster count
 E = Vault monster count
 F = Vault count percentage of total count
                 A         B        C        D         E       F
            +---------+---------+-------+---------+---------+-------
      Total |      79 |       0 |   0.0 |      49 |       0 |   0.0
            +---------+---------+-------+---------+---------+-------
        D:1 |      45 |       0 |   0.0 |      30 |       0 |   0.0
        D:2 |      34 |       0 |   0.0 |      19 |       0 |   0.0
            +---------+---------+-------+---------+---------+-------
